 Dungeon Crawl Stone Soup version 0.20.1-1-g8b1a95d (webtiles) character file.

518 Mitsuki the Digger (level 7, -6/37 HPs)
             Began as a Gargoyle Earth Elementalist on Oct 4, 2017.
             Mangled by Duvessa
             ... wielding a +0 short sword
              (8 damage)
             ... on level 4 of the Dungeon.
             The game lasted 00:13:07 (4932 turns).

Mitsuki the Digger (Gargoyle Earth Elementalist)    Turns: 4932, Time: 00:13:08

Health: -6/37      AC:  8    Str: 11    XL:     7   Next: 21%
Magic:  5/13       EV: 12    Int: 18    God:
Gold:   198        SH:  0    Dex: 10    Spells: 10/14 levels left

rFire    . . .     SeeInvis .   i - +1 short sword (freeze)
rCold    + . .     Gourm    .   (no shield)
rNeg     + + .     Faith    .   r - +2 robe {rN+}
rPois    ∞         Spirit   .   (no helmet)
rElec    +         Reflect  .   (no cloak)
rCorr    .         Harm     .   (no gloves)
MR       +....                  (no boots)
Stlth    ++........             (no amulet)
Regen    0.2/turn               o - ring of protection from magic
MPRegen  0.2/turn               j - ring of protection from cold

@: no status effects
A: negative energy resistance 1, electricity resistance, unbreathing,
petrification resistance, rot immunity, AC +4
a: no special abilities


You were on level 4 of the Dungeon.
You were not hungry.

You visited 1 branch of the dungeon, and saw 4 of its levels.

You collected 198 gold pieces.

Inventory:

Hand Weapons
 i - a +1 short sword of freezing (weapon)
 s - a +0 flail of draining
Missiles
 b - 45 stones (quivered)
Armour
 r - a +2 robe of positive energy (worn)
 v - a +2 leather armour of cold resistance
Jewellery
 j - a ring of protection from cold (right hand)
 o - a ring of protection from magic (left hand)
Wands
 c - a wand of confusion (13/48)
 u - a wand of confusion (19/48)
Scrolls
 f - 4 scrolls of remove curse
 m - a scroll of enchant weapon
 n - a scroll of magic mapping {unknown}
 w - a scroll of teleportation
Potions
 a - a potion of ambrosia {unknown}
 g - a potion of berserk rage {unknown}
 l - 9 potions of curing {unknown}
 p - 2 potions of might {unknown}
 q - 2 potions of degeneration {unknown}
Books
 e - a book of Geomancy

   Spells                             Type                      Level
   a - Sandblast                      Earth                        1
   b - Passwall                       Transmutation/Earth          2
   c - Stone Arrow                    Conjuration/Earth            3
   d - Petrify                        Transmutation/Earth          4
   e - Lee's Rapid Deconstruction     Earth                        5
Comestibles
 d - 3 bread rations
 h - 2 meat rations
 k - a royal jelly
 t - a fruit
 x - 3 chunks of flesh


   Skills:
 + Level 0.4 Fighting
 + Level 0.6 Maces & Flails
 + Level 0.7 Armour
 + Level 1.5 Dodging
 - Level 2.1 Stealth
 + Level 4.2 Spellcasting
 + Level 3.7 Conjurations
   Level 0.7 Transmutations
 + Level 6.5 Earth Magic
 + Level 0.3 Evocations


You had 10 spell levels left.
You knew the following spells:

 Your Spells              Type           Power        Failure   Level  Hunger
a - Sandblast             Erth           ####..       1%          1    None
b - Stone Arrow           Conj/Erth      ###...       5%          3    ###....


Dungeon Overview and Level Annotations

Branches:
Dungeon (4/15)
 Temple: D:4-7

Altars:

Annotations:
D:4 Duvessa


Innate Abilities, Weirdness & Mutations

You are resistant to torment.
Your stone body is resilient. (AC +4)
You are immune to poison.
You resist negative energy. (rN+)
You are resistant to electric shocks. (rElec)
You can survive without breathing.
You are immune to petrification.
You are immune to rotting.


Message History

The blast of sand hits Duvessa.
Duvessa is lightly wounded.
b - 46 stones Duvessa misses you.
Casting: Sandblast
Confirm with . or Enter, or press ? or * to list all spells.
Aiming: Sandblast
Press: ? - help, Shift-Dir - straight line, f/p - Duvessa
Aim: Duvessa, wielding a short sword and wearing a shiny scale mail (lightly wounded, berserk, fast, unusually strong)
The blast of sand hits Duvessa.
Duvessa is lightly wounded.
b - 45 stones Duvessa hits you with a short sword!
* * * LOW HITPOINT WARNING * * *
Duvessa hits you with a short sword.
* * * LOW HITPOINT WARNING * * *
Duvessa hits you but does no damage.
There is an open door here.
Duvessa hits you with a short sword!
You die...

#....#####........≈≈###
#........#........§≈≈≈≈
#........#.............
#........####..≈≈......
#...............≈......
..##+####'#..............
.......'..#............≈§
##ee.........#..#...........≈#≈
#≈....########@.#............#§
≈≈...########e#############...
#≈≈#............# ........#...
#≈≈#............# ........#...
#≈≈#............# ........#...
#≈≈##...........+ ........#...
##≈≈.####........# ........'...
#≈≈≈≈≈≈≈≈....##### #########...
#..≈≈≈≈≈≈≈..)# ####


You could see Duvessa (berserk).

Vanquished Creatures
  Grinder (D:2)
  Dowan (D:4)
  A hound (D:4)
  A centaur skeleton (D:4)
  Ijyb (D:4)
  A howler monkey zombie (D:1)
  3 gnolls (D:3)
  4 adders
  An ooze (D:3)
  2 adder skeletons (D:4)
  4 worms
  A dart slug (D:1)
  3 leopard geckos
  5 orcs
  5 giant cockroaches
  11 goblins
  10 hobgoblins
  4 jackals (D:3)
  3 quokkas
  A ball python (D:1)
  7 bats
  5 frilled lizards
  13 kobolds
  A quokka skeleton (D:4)
  10 rats
99 creatures vanquished.

Notes
Turn   | Place    | Note
-------+----------+-------------------------------------------
     0 | D:1      | Mitsuki the Gargoyle Earth Elementalist began the quest for the Orb.
     0 | D:1      | Reached XP level 1. HP: 10/10 MP: 3/3
   175 | D:1      | Reached skill level 4 in Earth Magic
   175 | D:1      | Reached XP level 2. HP: 15/15 MP: 5/5
   973 | D:1      | Reached XP level 3. HP: 19/19 MP: 6/6
   978 | D:1      | Learned a level 3 spell: Stone Arrow
  1630 | D:2      | Reached skill level 1 in Conjurations
  1845 | D:2      | Reached XP level 4. HP: 24/24 MP: 8/8
  2400 | D:2      | Reached skill level 5 in Earth Magic
  2707 | D:3      | Reached XP level 5. HP: 27/28 MP: 7/9
  2751 | D:3      | Noticed Grinder
  3076 | D:2      | Killed Grinder
  3076 | D:2      | Reached skill level 6 in Earth Magic
  3076 | D:2      | Reached XP level 6. HP: 5/32 MP: 6/11
  4586 | D:4      | Noticed Ijyb
  4597 | D:4      | Killed Ijyb
  4597 | D:4      | Reached XP level 7. HP: 36/36 MP: 5/13
  4879 | D:4      | Noticed Duvessa
  4881 | D:4      | Noticed Dowan
  4921 | D:4      | Killed Dowan
  4932 | D:4      | Mangled by Duvessa

Skill      XL: |  1  2  3  4  5  6 |
---------------+-------------------+-----
Earth Magic    | 4 5 6 |  6.5
Conjurations   | 1 3 |  3.7
Spellcasting   | 3 4 |  4.2
Fighting       | |  0.4
Maces & Flails | |  0.6
Armour         | |  0.7
Dodging        | |  1.5
Stealth        | |  2.1
Transmutations | |  0.7
Evocations     | |  0.3

Action                   |  1- 3 |  4- 6 |  7- 9 || total
-------------------------+-------+-------+-------++-------
Melee: Short sword       |   140 |   207 |    22 ||   369
       Unarmed           |    17 |       |       ||    17
 Cast: Sandblast         |     4 |    17 |    15 ||    36
  Use: Scroll            |     2 |     2 |       ||     4
 Stab: Sleeping          |     2 |     3 |     1 ||     6
  Eat: Chunk             |     3 |     9 |     1 ||    13
Armor: Robe              |    56 |    86 |    10 ||   152
Dodge: Dodged            |   106 |   147 |    17 ||   270
